 Dungeon Crawl Stone Soup version 0.29.1-1-gd02db6906a (webtiles) character file.

Game seed: 17798403254056735770

3621 funnyparkerb the Martial Artist (level 10, -4/71 HPs)
             Began as an Octopode Transmuter on Oct 20, 2022.
             Was a Believer of Ru.
             Killed by the air
             ... invoked by Gastronok
              (32 damage)
             ... on level 8 of the Dungeon.
             The game lasted 00:20:35 (10704 turns).

funnyparkerb the Martial Artist (OpTm)             Turns: 10704, Time: 00:20:35

Health: -4/71      AC:  2    Str:  8 (10) XL:     10   Next: 11%
Magic:  14/14      EV: 24    Int: 15 (18) God:    Ru [**....]
Gold:   395        SH:  0    Dex: 23 (25) Spells: 5/15 levels left

rFire   + . .      SeeInvis .     - Unarmed
rCold   . . .      Faith    .   (shield currently unavailable)
rNeg    . . .      Spirit   .   (helmet currently unavailable)
rPois   x          Reflect  .   (no amulet)
rElec   .          Harm     .   k - ring of protection from fire
rCorr   .          Rampage  .   p - +6 ring of dexterity
Will    .....                   (no ring)
Stlth   ++........              (no ring)
HPRegen 0.21/turn               (no ring)
MPRegen 0.14/turn               (no ring)
                                (no ring)
                                (no ring)

@: spider-form
A: venomous fangs, almost no armour, (amphibious), 8 rings, tiny, (camouflage
1), (gelatinous body 1), hated by all, (nimble swimmer 1), (tentacles)
a: End Transformation, Renounce Religion


You were on level 8 of the Dungeon.
You worshipped Ru.
Ru was pleased with you.
You were a venomous arachnid creature.
You visited 2 branches of the dungeon, and saw 9 of its levels.

You collected 395 gold pieces.

Inventory:

Missiles
 i - 3 atropa-tipped darts
 A - a throwing net
 E - 5 datura-tipped darts
Armour
 v - a +0 buckler (melded)
Jewellery
 k - a ring of protection from fire (left front leg)
 p - a +6 ring of dexterity (right front leg)
 w - an amulet of guardian spirit
Wands
 y - a wand of flame (25)
 B - a wand of paralysis (15)
Scrolls
 b - 2 scrolls of enchant weapon {unknown}
 d - 3 scrolls of noise {unknown}
 e - 2 scrolls of poison {unknown}
 f - 3 scrolls of blinking {unknown}
 j - 2 scrolls of enchant armour {unknown}
 l - a scroll of fear
 m - a scroll of amnesia
 o - 2 scrolls of immolation
 t - a scroll of teleportation {unknown}
 x - a scroll of brand weapon {unknown}
 C - 3 scrolls of magic mapping {unknown}
Potions
 a - 3 potions of lignification
 c - 3 potions of degeneration
 g - a potion of magic
 h - 3 potions of curing
 n - a potion of berserk rage {unknown}
 q - a potion of attraction
 r - a potion of haste
 s - a potion of mutation
 u - a potion of ambrosia
 z - a potion of brilliance
 D - a potion of cancellation


   Skills:
 - Level 7.0 Fighting
 - Level 5.0 Dodging
 + Level 1.0 Shields
 - Level 8.0 Unarmed Combat
 - Level 3.0 Spellcasting
 + Level 6.5 Transmutations
 - Level 4.0 Ice Magic
 - Level 4.0 Poison Magic


You had 5 spell levels left.
You knew the following spells:

 Your Spells              Type           Power      Damage    Failure   Level
a - Beastly Appendage     Tmut           42%        N/A       6%          1
b - Wereblood             Tmut           21%        N/A       8%          2
c - Spider Form           Tmut/Pois      18%        N/A       19%         3
d - Ice Form              Ice/Tmut       18%        N/A       43%         4

Your spell library contained the following spells:

 Spells                   Type           Power      Damage    Failure   Level
 Magic Dart               Conj           8%         1d3       41%         1
 Searing Ray              Conj           4%         2d4       52%         2
 Dazzling Flash           Conj/Hex       4%         N/A       73%         3
 Gell's Gravitas          Tloc           2%         N/A       73%         3
 Lesser Beckoning         Tloc           2%         N/A       73%         3
 Teleport Other           Tloc           2%         N/A       73%         3
 Fulminant Prism          Conj/Hex       1%         3d6       97%         4
 Agony                    Necr           2%         N/A       100%        5
 Silence                  Hex/Air        1%         N/A       100%        5


Dungeon Overview and Level Annotations

Branches:
Dungeon (8/15)             Temple (1/1) D:5
   Lair: D:8-11

Altars:
Ashenzari
Cheibriados
Dithmenos
Elyvilon
Gozag
Kikubaaqudgha
Makhleb
Nemelex Xobeh
Okawaru
Qazlal
Ru
Sif Muna
Trog
Uskayaw
Vehumet
Wu Jian
Zin
The Shining One

Annotations:
D:5 1 runed translucent door, PorkyPig's ghost, amateur HOMo
D:8 Gastronok


Innate Abilities, Weirdness & Mutations

You are a venomous arachnid creature.
You have poisonous fangs.
You are tiny and dextrous.
Your spellcasting is less reliable in this form.
Your armour is entirely melded.
You are incapable of wielding weapons or throwing items.
You cannot wear most types of armour.
((You are amphibious.))
You can wear up to eight rings at the same time.
((Your skin changes colour to match your surroundings (Stealth+).))
((Your rubbery body absorbs attacks. (AC +1, EV +1)))
You are hated by all.
((You are camouflaged when in or above water. (Stealth+)))
((You have tentacles for arms and can constrict up to eight enemies at once.))


Message History

You bite Gastronok!
Gastronok is moderately wounded.
The quokka barely misses you.
You bite Gastronok!
Gastronok looks as sick as possible!
Gastronok is moderately wounded.
The quokka barely misses you.
You hit Gastronok.
Gastronok looks as sick as possible!
Gastronok is moderately wounded.
Gastronok is buffeted by a sudden breeze.
Gastronok completely misses you. The quokka completely misses you.
You bite Gastronok!
Gastronok looks as sick as possible!
Gastronok is heavily wounded.
The quokka closely misses you.
You hit Gastronok.
Gastronok is heavily wounded.
The quokka completely misses you.
Gastronok is stunned by your conviction and fails to attack.
You hit Gastronok but do no damage.
Gastronok is heavily wounded.
The quokka misses you.
You bite Gastronok!
Gastronok looks as sick as possible!
Gastronok is heavily wounded.
The quokka completely misses you.
Gastronok waves his eye-stalks in wide circles.
The air twists around and strikes you!!
You hit Gastronok.
Gastronok is heavily wounded.
The quokka completely misses you.
You bite Gastronok!
Gastronok is heavily wounded.
The quokka barely misses you. Gastronok closely misses you.
You bite Gastronok!
Gastronok looks as sick as possible!
Gastronok is severely wounded.
The quokka barely misses you.
You bite Gastronok!
Gastronok is severely wounded.
The quokka misses you.
Gastronok waves his eye-stalks in wide circles.
The air twists around and strikes you!!
You die...

# ### ##
.###.#######.##..#
...$..r.#.<...÷..#
......ws..##..####
....!♣♣♣..##.....
... #♣....###.# #
♣.#..# # ♣.#..#
....... ..#.####
...


You could see Gastronok (swift, extremely poisoned) and a quokka (summoned).

Vanquished Creatures
  Eustachio (D:4)
  6 yaks
  A steam dragon (D:3)
  Edmund (D:4)
  A water moccasin (D:8)
  2 ice beasts (D:5)
  A sky beast (D:7)
  A black bear (D:6)
  3 ogres (D:5)
  A centaur (D:5)
  3 phantoms
  A bullfrog (D:6)
  2 necrophages
  4 wights (D:7)
  2 howler monkeys (D:6)
  2 jellies
  8 hounds
  6 orc priests
  Jessica (D:2)
  An iguana (D:3)
  Terence (D:3)
  Natasha (thrice) (D:4)
  4 orc wizards
  5 adders
  2 shadow imps
  A white imp (D:6)
  2 ufetubi
  2 worms
  23 orcs
  6 ball pythons
  5 endoplasms
  4 giant cockroaches
  4 goblins
  9 hobgoblins
  3 jackals (D:5)
  2 bats (D:3)
  2 frilled lizards (D:2)
  2 kobolds
  4 rats
132 creatures vanquished.

Vanquished Creatures (others)
  A plant (D:5)
1 creature vanquished.

Grand Total: 133 creatures vanquished

Notes
Turn   | Place    | Note
-------+----------+-------------------------------------------
     0 | D:1      | funnyparkerb the Octopode Transmuter began the quest for
                  | the Orb.
     0 | D:1      | Reached XP level 1. HP: 13/13 MP: 3/3
   455 | D:1      | Found a faded altar of an unknown god.
  1038 | D:2      | Noticed an orc wizard
  1038 | D:2      | Noticed an orc priest
  1110 | D:2      | Reached XP level 2. HP: 18/18 MP: 5/5
  1116 | D:2      | Learned a level 2 spell: Wereblood
  1546 | D:2      | Reached XP level 3. HP: 22/24 MP: 3/6
  1867 | D:2      | Reached skill level 4 in Unarmed Combat
  1867 | D:2      | Reached XP level 4. HP: 30/30 MP: 3/7
  2044 | D:2      | Noticed Jessica
  2055 | D:2      | Learned a level 3 spell: Spider Form
  2094 | D:2      | Killed Jessica
  2095 | D:2      | Reached skill level 1 in Poison Magic
  2095 | D:2      | Reached XP level 5. HP: 36/36 MP: 4/8
  2711 | D:3      | Found an ancient bone altar of Kikubaaqudgha.
  2714 | D:3      | Found a blossoming altar of Fedhas.
  3013 | D:3      | Noticed a phantom
  3034 | D:3      | Killed a phantom
  3035 | D:3      | Reached XP level 6. HP: 22/42 MP: 6/9
  3343 | D:3      | Noticed a steam dragon
  3353 | D:3      | Killed a steam dragon
  3486 | D:3      | Noticed Terence
  3501 | D:3      | Killed Terence
  3502 | D:3      | Reached skill level 5 in Unarmed Combat
  3502 | D:3      | Reached XP level 7. HP: 41/46 MP: 5/10
  3571 | D:3      | Found a sparkling altar of Nemelex Xobeh.
  4223 | D:4      | Noticed Edmund
  4353 | D:4      | Noticed Natasha
  4362 | D:4      | Killed Natasha
  4532 | D:4      | Noticed Natasha
  4540 | D:4      | Killed Natasha
  4609 | D:4      | Killed Edmund
  4620 | D:4      | Noticed Natasha
  4625 | D:4      | Killed Natasha
  4626 | D:4      | Reached skill level 6 in Unarmed Combat
  4776 | D:4      | Reached XP level 8. HP: 34/54 MP: 6/12
  5153 | D:4      | Noticed Eustachio
  5175 | D:4      | Killed Eustachio
  5176 | D:4      | Reached skill level 5 in Fighting
  5415 | D:4      | Found a hazy altar of Hepliaklqana.
  5415 | D:4      | Found a glowing golden altar of the Shining One.
  5415 | D:4      | Found a radiant altar of Vehumet.
  5469 | D:5      | Entered Level 5 of the Dungeon
  5617 | D:5      | Found a runed translucent door.
  5617 | D:5      | Noticed PorkyPig's ghost (amateur HOMo)
  5646 | D:4      | Reached skill level 7 in Unarmed Combat
  5651 | D:4      | Learned a level 4 spell: Ice Form
  6116 | D:5      | Found a staircase to the Ecumenical Temple.
  6146 | Temple   | Entered the Ecumenical Temple
  6213 | Temple   | Became a worshipper of Ru the Awakened
  6272 | D:5      | Reached skill level 5 in Transmutations
  6784 | D:5      | Reached XP level 9. HP: 49/62 MP: 8/13
  7805 | D:6      | Identified the +1 chain mail "Giasiwun" {rPois rF- rN+
                  | Int+4}
  8654 | D:7      | Reached skill level 5 in Dodging
  8654 | D:7      | Reached skill level 1 in Ice Magic
  8759 | D:6      | Reached skill level 8 in Unarmed Combat
  8763 | D:6      | HP: 2/62 [yak (8)]
  9158 | D:6      | Gained mutation: You are hated by all. [Ru sacrifice]
  9158 | D:6      | Reached * piety under Ru
  9158 | D:6      | Reached ** piety under Ru
  9794 | D:7      | Reached XP level 10. HP: 65/71 MP: 11/14
 10404 | D:8      | Reached skill level 1 in Shields
 10676 | D:8      | Noticed Gastronok
 10704 | D:8      | Killed from afar by Gastronok

Illustrated notes

Levels and vault maps discovered:
D:1:      dpeg_arrival_renting, layout_basic, shapermc_ecumenical_altar_gd
D:2:      layout_basic, nicolae_titane, uniq_jessica
D:3:      layout_basic, grunt_temple_overflow_growth_and_decay,
          nemelex_altar_shiori, serial_curves, eino_curves_02, eino_curves_04,
          minmay_divided_ellipse, uniq_terence
D:4:      layout_basic, gammafunk_temple_overflow_forgotten, uniq_edmund,
          uniq_eustachio, uniq_natasha
D:5:      cheibrodos_two_vegetables, layout_cave_pools,
          minmay_temple_entry_overgrown, serial_glass, glass_columns_b,
          glass_columns_a, glass_columns_b, glass_columns_c, glass_columns_a,
          hellmonk_ghost_happy_afterlife, portal_sewer_entry_e, grunt_decor_cap
D:6:      layout_loops_corners
D:7:      layout_rooms
D:8:      layout_loops_ring, amcnicky_mini_rare_corridor_liquid,
          minmay_stone_trees_small, minmay_microvault, uniq_gastronok,
          uniq_maggie, uniq_maurice, uniq_erica
Temple:   nicolae_temple_bog_church

Skill      XL: |  1  2  3  4  5  6  7  8  9 10 |
---------------+-------------------------------+-----
Fighting       | 2 3 4 6 7 |  7.0
Unarmed Combat | 4 5 6 7 8 |  8.0
Poison Magic   | 1 3 4 |  4.0
Transmutations | 3 4 5 6 |  6.5
Spellcasting   | 3 |  3.0
Dodging        | 5 |  5.0
Ice Magic      | 3 4 |  4.0
Shields        | 1 |  1.0

Action                   |  1- 3 |  4- 6 |  7- 9 | 10-12 || total
-------------------------+-------+-------+-------+-------++-------
Melee: Unarmed           |    52 |    78 |   323 |    55 ||   508
       Constrict         |    13 |     9 |     5 |       ||    27
       Kick              |     9 |     8 |       |       ||    17
       Tentacles         |    15 |     5 |     6 |       ||    26
       Punch             |     1 |     2 |       |       ||     3
 Cast: Beastly Appendage |     9 |     5 |     1 |       ||    15
       Wereblood         |     7 |     7 |    18 |     3 ||    35
       Spider Form       |       |     5 |    42 |     5 ||    52
Invok: Sacrifice Love    |       |       |     1 |       ||     1
  Use: Scroll            |       |       |    12 |       ||    12
       Potion            |       |       |     2 |     2 ||     4
 Stab: Sleeping          |     5 |     2 |     3 |       ||    10
Armor: Skin              |     2 |     3 |    23 |     1 ||    29
Dodge: Dodged            |    31 |    56 |   389 |    49 ||   525
